AoeStats
← kreegz

Arabia

509580272Analyzed
1v1 RM · 5d ago on Sep 27, 2026· 61m 15s· 2 players
Game mode
Random Map
Map size
Tiny (2 player)
Population
200
Speed
Normal
Resources
Standard
Victory
Conquest
Starting age
Dark Age
Ending age
Imperial Age
RankedLock teamsTeams togetherTeam positionsShared explorationLock speedFull tech treeHidden civsTurbo modeCheats
Victory
Defeat
🇺🇸 Franks · United States
1074
+16
🇨🇳 Saracens · China
1070
-16
16466207
2:26 Loom
10:11 Feudal Age
11:16 Double-Bit Axe
15:11 Horse Collar
23:45 Castle Age
22:05 Gold Mining
22:21 Stone Mining
24:49 Wheelbarrow
25:14 Scale Barding Armor
25:02 Crossbowman
26:59 Bow Saw
26:54 Town Watch
30:18 Husbandry
33:42 Hand Cart
33:55 Bloodlines
34:49 Forging
35:06 Fervor
36:06 Iron Casting
36:16 Ballistics
36:42 Fletching
37:17 Murder Holes
38:26 Gold Shaft Mining
43:20 Imperial Age
40:53 Padded Archer Armor
42:49 Thumb Ring
44:14 Chain Barding Armor
45:02 Chemistry
44:02 Arbalester
45:48 Two-Man Saw
44:53 Heavy Plow
45:28 Conscription
45:55 Elite Mameluke
47:40 Bodkin Arrow
48:26 Light Cavalry
51:40 Town Patrol
51:35 Elite Skirmisher
52:59 Hussar
55:07 Plate Barding Armor
54:42 Onager
54:45 Capped Ram
59:51 Scale Mail Armor
59:54 Bracer
60:10 Leather Archer Armor
62:02 Ring Archer Armor
kreegz
4:50 Loom
10:03 Feudal Age
10:48 Double-Bit Axe
13:39 Scale Barding Armor
21:44 Castle Age
19:30 Man-at-Arms
21:50 Gold Mining
22:25 Forging
21:56 Long Swordsman
23:18 Scale Mail Armor
27:31 Arson
27:51 Squires
27:40 Gambesons
28:46 Pikeman
37:54 Imperial Age
35:13 Town Watch
38:18 Wheelbarrow
39:11 Conscription
40:03 Ballistics
39:18 Halberdier
41:21 Capped Ram
42:33 Fortified Wall
43:23 Chemistry
44:01 Siege Engineers
43:38 Treadmill Crane
44:09 Masonry
43:56 Murder Holes
46:52 Iron Casting
46:32 Chain Mail Armor
49:25 Hand Cart
52:18 Stone Mining
52:52 Fletching
54:03 Blast Furnace
53:33 Plate Mail Armor
53:24 Chain Barding Armor
52:49 Heavy Scorpion
59:20 Architecture
60:01 Bodkin Arrow
60:42 Plate Barding Armor
Connection lost

Rejoining the realm…

Still unreachable

The connection could not be restored.

Session expired

The server has moved on; the page needs a fresh start.